 Dungeon Crawl Stone Soup version 0.23.2-1-ga50397a (webtiles) character file.

Game seed: 15203881646697836381

417 diana the Skirmisher (level 6, 0/52 HPs)
             Began as a Demigod Fighter on May 30, 2019.
             Slain by an ogre
             ... wielding a +0 giant club
              (25 damage)
             ... on level 4 of the Dungeon.
             The game lasted 00:05:52 (3326 turns).

diana the Skirmisher (Demigod Fighter)              Turns: 3326, Time: 00:05:52

Health: 0/52       AC: 10    Str: 21    XL:     6   Next: 34%
Magic:  8/8        EV:  9    Int: 12    God:
Gold:   109        SH: 10    Dex: 17    Spells: 5/5 levels left

rFire    . . .     SeeInvis .   a - +0 long sword
rCold    + . .     Gourm    .   c - +0 shield
rNeg     . . .     Faith    .   i - +1 scale mail {rC+}
rPois    .         Spirit   .   (no helmet)
rElec    .         Reflect  .   (no cloak)
rCorr    .         Harm     .   n - +0 pair of gloves
MR       .....                  j - +0 pair of boots
Stlth    ..........             (no amulet)
HPRegen  0.17/turn              (no ring)
MPRegen  0.11/turn              (no ring)

@: no status effects
A: high mp 1
a: no special abilities


You were on level 4 of the Dungeon.
You were not hungry.

You visited 1 branch of the dungeon, and saw 4 of its levels.

You collected 109 gold pieces.

Inventory:

Hand Weapons
 a - a +0 long sword (weapon)
Armour
 c - a +0 shield (worn)
 i - a +1 scale mail of cold resistance (worn)
 j - a +0 pair of boots (worn)
 n - a +0 pair of gloves (worn)
Scrolls
 e - 2 scrolls of remove curse
 g - a scroll of fear
 k - a scroll of teleportation {unknown}
Potions
 b - a potion of resistance
 d - 2 potions of might
Comestibles
 f - 8 rations


   Skills:
 + Level 3.9 Fighting
 + Level 3.2 Long Blades
 + Level 3.9 Armour
 + Level 2.4 Dodging
 + Level 3.8 Shields


You had 5 spell levels left.
You didn't know any spells.
Your spell library was empty.

Dungeon Overview and Level Annotations

Branches:
Dungeon (4/15)
 Temple: D:4-7

Shops:
D:3 *

Annotations:
D:4 3 runed translucent doors, Edmund; Eustachio; Mlkhall's ghost, amateur DrVM


Innate Abilities, Weirdness & Mutations

You have an increased reservoir of magic. (+10% MP)


Message History

You feel aware of your surroundings.
You sensed 1 shop/portal.
Found a leather armour.
You see here a leather armour.
All of the chunks of flesh in your inventory have rotted away.
You hear the brisk rusting of a very distant drain.
An ogre comes into view. It is wielding a +0 giant club.
The ogre shouts!
The teleport trap disappears.
The giant cockroach disappears!
The ogre hits you with a +0 giant club! The ogre hits you with a +0 giant club.
Found a runed dagger.
You closely miss the ogre. You block the ogre's attack.
You barely miss the ogre. The ogre closely misses you.
You hit the ogre.
The ogre is lightly wounded.
The ogre hits you with a +0 giant club!
You hit the ogre.
The ogre is moderately wounded.
The ogre hits you with a +0 giant club!!
You die...

**** **** **** ########
***≈≈*****,,, ###......#
*,,,≈≈≈≈≈≈≈,≈
#####........######...,≈≈≈≈≈≈≈,
##............O@.......,****∩≈≈*
#..#.)......#########..,,,,**≈≈*
#..##.....### *,,**,,,*≈≈*
##.###...### **,,*,,,*≈≈* #..#
##### **,,,,,*≈≈* #.###
**,,*,,,≈≈ #...### *,,*,,,,≈
......## **,,*,,,* .......#
**,,,,,*


You could see an ogre.

Vanquished Creatures
  Sigmund (D:3)
  A centaur (D:3)
  An orc wizard (D:4)
  Terence (D:3)
  3 adders (D:3)
  2 worms (D:3)
  2 dart slugs (D:3)
  A leopard gecko (D:3)
  8 orcs
  4 giant cockroaches
  5 goblins
  7 hobgoblins
  2 quokkas (D:2)
  6 bats
  2 frilled lizards (D:1)
  8 kobolds
  23 rats
77 creatures vanquished.

Notes
Turn   | Place    | Note
-------+----------+-------------------------------------------
     0 | D:1      | diana the Demigod Fighter began the quest for the Orb.
     0 | D:1      | Reached XP level 1. HP: 18/18 MP: 3/3
   268 | D:1      | Reached XP level 2. HP: 25/25 MP: 4/4
   840 | D:2      | Reached XP level 3. HP: 15/31 MP: 5/5
  1062 | D:2      | Found a glowing silver altar of Zin.
  1063 | D:2      | Found a shadowy altar of Dithmenos.
  1066 | D:2      | Found a sparkling altar of Nemelex Xobeh.
  1071 | D:2      | Found a stormy altar of Qazlal.
  1104 | D:2      | Found a hide-covered altar of Uskayaw.
  1602 | D:3      | Found a snail-covered altar of Cheibriados.
  1611 | D:3      | Reached skill level 1 in Dodging
  1824 | D:3      | Noticed Sigmund
  1847 | D:3      | Killed Sigmund
  1847 | D:3      | Reached XP level 4. HP: 27/38 MP: 6/6
  1847 | D:3      | Reached XP level 5. HP: 31/45 MP: 7/7
  2168 | D:3      | Found an opulent altar of Gozag.
  2172 | D:3      | Found Gozag's Platinum Reserve.
  2501 | D:3      | Noticed a centaur
  2504 | D:3      | Noticed Terence
  2509 | D:3      | Killed a centaur
  2509 | D:3      | Reached XP level 6. HP: 39/52 MP: 8/8
  2533 | D:3      | Killed Terence
  2924 | D:4      | Found an ornate altar of the Wu Jian Council.
  3009 | D:4      | Found a runed translucent gate.
  3009 | D:4      | Found a runed translucent gate.
  3010 | D:4      | Found a runed translucent gate.
  3011 | D:4      | Noticed Mlkhall's ghost (amateur DrVM)
  3027 | D:4      | Noticed Eustachio
  3056 | D:4      | Noticed Edmund
  3326 | D:4      | Slain by an ogre

Skill      XL: |  1  2  3  4  5 |
---------------+----------------+-----
Long Blades    | 2 3 |  3.2
Armour         | 3 |  3.9
Fighting       | 3 |  3.9
Shields        | 3 |  3.8
Dodging        | 1 2 |  2.4

Action                   |  1- 3 |  4- 6 || total
-------------------------+-------+-------++-------
Melee: Long sword        |   167 |   118 ||   285
  Use: Potion            |     4 |       ||     4
       Scroll            |       |     6 ||     6
  Eat: Chunk             |     3 |     5 ||     8
Armor: Scale mail        |    87 |    58 ||   145
       Skin              |     5 |       ||     5
Dodge: Dodged            |    49 |    32 ||    81
Block: Shield            |    87 |    83 ||   170
       Rpst.: Long sword |    19 |    10 ||    29
